 Dungeon Crawl Stone Soup version 0.27-a0-279-gdfb9265905 (webtiles) character file.

Game seed: 14099079453693718608

124 runemasterragnar the Firebug (level 5, -1/31 HPs)
             Began as an Octopode Fire Elementalist on Feb 7, 2021.
             Killed from afar by Terence (13 damage)
             ... with a puff of flame
             ... on level 3 of the Dungeon.
             The game lasted 00:04:23 (2689 turns).

runemasterragnar the Firebug (OpFE)                 Turns: 2689, Time: 00:04:23

Health: -1/31      AC:  2    Str:  7    XL:     5   Next: 8%
Magic:  3/8        EV: 13    Int: 19    God:
Gold:   164        SH:  0    Dex: 12    Spells: 3/8 levels left

rFire    . . .     SeeInvis .   m - +0 dagger (venom)
rCold    + . .     Faith    .   (no shield)
rNeg     . . .     Spirit   .   o - +1 hat
rPois    .         Reflect  .   (no amulet)
rElec    .         Harm     .   r - ring of protection from cold
rCorr    .         Rampage  .   (no ring)
Will     .....                  (no ring)
Stlth    +++.......             (no ring)
HPRegen  0.10/turn              (no ring)
MPRegen  0.11/turn              (no ring)
                                (no ring)
                                (no ring)

@: no status effects
A: almost no armour, stealthy swim, amphibious, 8 rings, constrict 8, camouflage
1, gelatinous body 1
a: no special abilities


You were on level 3 of the Dungeon.
You visited 1 branch of the dungeon, and saw 3 of its levels.

You collected 164 gold pieces.

Inventory:

Hand Weapons
 f - a +0 short sword
 m - a +0 dagger of venom (weapon)
 p - a +2 vampiric dagger
Missiles
 b - 5 boomerangs (quivered)
Armour
 o - a +1 hat (worn)
Jewellery
 r - a ring of protection from cold (left tentacle)
 s - a cursed amulet of inaccuracy {unknown}
Scrolls
 c - a scroll of blinking
 d - 2 scrolls of remove curse {unknown}
 h - a scroll of enchant weapon {unknown}
 i - a scroll of identify {unknown}
 j - a scroll of enchant armour {unknown}
 q - 2 scrolls of immolation {unknown}
Potions
 a - a potion of magic {unknown}
 e - 2 potions of degeneration {unknown}
 g - a potion of flight {unknown}
 k - 2 potions of curing {unknown}
 l - a potion of lignification {unknown}
 n - a potion of attraction {unknown}


   Skills:
 + Level 2.5 Dodging
 + Level 3.6 Stealth
 + Level 2.4 Spellcasting
 * Level 2.6 Conjurations
 * Level 3.9 Fire Magic


You had 3 spell levels left.
You knew the following spells:

 Your Spells              Type           Power        Failure   Level
a - Foxfire               Conj/Fire      56%          4%          1
b - Sticky Flame          Conj/Fire      14%          38%         4

Your spell library contained the following spells:

 Spells                   Type           Power        Failure   Level
 Conjure Flame            Conj/Fire      14%          12%         3
 Inner Flame              Hex/Fire       9%           22%         3
 Confusing Touch          Hex            2%           43%         3
 Gell's Gravitas          Tloc           1%           43%         3
 Fireball                 Conj/Fire      7%           75%         5
 Petrify                  Tmut/Erth      2%           85%         4
 Metabolic Englaciation   Hex/Ice        1%           99%         5
 Yara's Violent Unravell  Hex/Tmut       1%           99%         5


Dungeon Overview and Level Annotations

Branches:
Dungeon (3/15)

Altars:

Annotations:
D:3 Terence


Innate Abilities, Weirdness & Mutations

You cannot wear most types of armour.
You are very stealthy in the water. (Stealth+)
You are amphibious.
You can wear up to eight rings at the same time.
You can use your tentacles to constrict eight enemies at once.
Your skin changes colour to match your surroundings (Stealth+).
Your rubbery body absorbs attacks. (AC +1, EV +1)


Message History

Terence zaps a wand.
The puff of flame hits you.
Casting: Foxfire (safe; 4% risk of failure)
Confirm with . or Enter, or press ? or * to list all spells.
You can't see any susceptible monsters within range! (Use Z to cast anyway.) Unknown command.
Terence zaps a wand.
The puff of flame hits you!
Terence zaps a wand.
The puff of flame hits you!
Casting: Foxfire (safe; 4% risk of failure)
Confirm with . or Enter, or press ? or * to list all spells.
The spell is potentially lethal to cast (38% risk of failure)!
Continue anyway?
Aiming: Sticky Flame (potentially lethal; 38% risk of failure)
Press: ? - help, Shift-Dir - straight line, f - Terence
Aim: Terence, wielding a +2 short sword of protection, wearing a +0 scale mail and carrying a wand of flame (6) (lightly wounded, 0% to evade)
The sticky flame hits Terence but does no damage.
Terence is lightly wounded.
Terence is covered in liquid flames!
Terence burns!
Terence closely misses you.
Terence burns!
Terence burns!
Terence stops burning.
Terence zaps a wand.
The puff of flame hits you!
You die...

#.........#.#
#.............
.........#.##
...........
### #.......#
.....v #..#
#.# ##
###.##.@# #.#
........# #.#
###.###@# #.#
#.###.##
#.####
#..........#
#.....
###...#.######
###.####
........#
#.....#
#####...#
#.#.#.## ##..#
#.#..... #..#
#.#.#.## #..#
#.....#


You could see Terence.

Vanquished Creatures
  Jessica (D:2)
  4 gnolls (D:2)
  2 adders
  A worm (D:3)
  A dart slug (D:1)
  A leopard gecko (D:3)
  6 bats
  A giant cockroach (D:1)
  6 goblins
  2 jackals (D:1)
  7 kobolds
  A ball python (D:3)
  3 frilled lizards
  4 rats
40 creatures vanquished.

Vanquished Creatures (others)
  72 foxfires
72 creatures vanquished.

Grand Total: 112 creatures vanquished

Notes
Turn   | Place    | Note
-------+----------+-------------------------------------------
     0 | D:1      | runemasterragnar the Octopode Fire Elementalist began the
                  | quest for the Orb.
     0 | D:1      | Reached XP level 1. HP: 11/11 MP: 3/3
   183 | D:1      | Reached XP level 2. HP: 8/17 MP: 5/5
  1205 | D:1      | Reached XP level 3. HP: 21/21 MP: 4/6
  1428 | D:2      | Noticed Jessica
  1438 | D:2      | Killed Jessica
  1526 | D:2      | Reached XP level 4. HP: 27/27 MP: 3/7
  2182 | D:3      | Reached XP level 5. HP: 18/31 MP: 4/8
  2187 | D:3      | Learned a level 4 spell: Sticky Flame
  2671 | D:3      | Noticed Terence
  2689 | D:3      | Killed from afar by Terence

Illustrated notes

Levels and vault maps discovered:
D:1:      minmay_arrival_diagonal_passages, layout_basic
D:2:      layout_basic, minmay_misc_feat_encased, uniq_jessica
D:3:      layout_loops_ring, chequers_temple_overflow_minitemple,
          hangedman_decor_growths, uniq_terence

Skill      XL: |  1  2  3 |
---------------+----------+-----
Stealth        | 3 |  3.6
Conjurations   | 2 |  2.6
Dodging        | |  2.5
Spellcasting   | |  2.4
Fire Magic     | |  3.9

Action                   |  1- 3 |  4- 6 || total
-------------------------+-------+-------++-------
Melee: Unarmed           |    38 |       ||    38
       Constrict         |    12 |     5 ||    17
       Tentacles         |     6 |     4 ||    10
       Dagger            |       |    18 ||    18
Throw: Boomerang         |     4 |     2 ||     6
 Cast: Foxfire           |    24 |    26 ||    50
       Sticky Flame      |       |     1 ||     1
  Use: Scroll            |       |     1 ||     1
 Stab: Sleeping          |     2 |     3 ||     5
Armor: Skin              |     9 |       ||     9
Dodge: Dodged            |    30 |    11 ||    41

Table legend: (Time is in decaauts)
 A = Elapsed time spent in this place.
 B = Non-inter-level travel time spent in this place.
 C = Inter-level travel time spent in this place.
 D = Time resting spent in this place.
 E = Time spent auto-exploring this place.
 F = Levels seen in this place.
 G = Mean time per level.
                   A        B        C        D        E       F      G
               +--------+--------+--------+--------+--------+-----+--------+
         Total |   2689 |   2632 |     57 |      0 |   2256 |   3 |  896.3 |
       Dungeon |   2689 |   2632 |     57 |      0 |   2256 |   3 |  896.3 |
               +--------+--------+--------+--------+--------+-----+--------+

Top non-repeatable levels by time:
     D:1: 1307 daAuts
     D:2: 843 daAuts
     D:3: 538 daAuts
